 Dungeon Crawl Stone Soup version 0.20.0-15-g7f486f2 (webtiles) character file.

99 grindst0ne the Firebug (level 4, -4/33 HPs)
             Began as a Mummy Fire Elementalist on June 12, 2017.
             Slain by an ogre
             ... wielding a +0 giant club
              (10 damage)
             ... on level 3 of the Dungeon.
             The game lasted 00:14:06 (2974 turns).

grindst0ne the Firebug (Mummy Fire Elementalist)    Turns: 2974, Time: 00:14:07

Health: -4/33      AC:  6    Str: 11    XL:     4   Next: 45%
Magic:  8/8        EV: 12    Int: 15    God:
Gold:   95         SH:  0    Dex: 12    Spells: 5/9 levels left

rFire    x . .     SeeInvis .   n - +2 dagger (speed)
rCold    + . .     Gourm    .   (no shield)
rNeg     + + +     Faith    .   a - +0 robe
rPois    ∞         Spirit   .   h - +0 helmet
rElec    .         Reflect  .   q - +0 cloak
rCorr    .         Harm     .   (no gloves)
MR       .....                  m - +1 pair of boots
Stlth    ++........             (no amulet)
Regen    0.2/turn               (no ring)
MPRegen  0.2/turn               (no ring)

@: no status effects
A: no food or potions, fire vulnerability, cold resistance 1, negative energy
resistance 3, torment resistance, unbreathing
a: no special abilities


You were on level 3 of the Dungeon.
You were not hungry.

You visited 1 branch of the dungeon, and saw 3 of its levels.

You collected 95 gold pieces.

Inventory:

Hand Weapons
 d - a +0 dagger
 n - a +2 dagger of speed (weapon)
Armour
 a - a +0 robe (worn)
 f - a +2 helmet of intelligence
 h - a +0 helmet (worn)
 m - a +1 pair of boots (worn)
 q - a +0 cloak (worn)
Scrolls
 c - a scroll of recharging {unknown}
 e - a scroll of fear
 g - a scroll of identify {unknown}
 i - a scroll of magic mapping {unknown}
 j - 3 scrolls of remove curse
 k - 2 scrolls of enchant weapon {unknown}
 l - a scroll of immolation {unknown}
 o - a scroll of noise
 p - 2 scrolls of blinking {unknown}
Books
 b - a book of Flames

   Spells                             Type                      Level
   a - Flame Tongue                   Conjuration/Fire             1
   b - Throw Flame                    Conjuration/Fire             2
   c - Conjure Flame                  Conjuration/Fire             3
   d - Inner Flame                    Hexes/Fire                   3
   e - Sticky Flame                   Conjuration/Fire             4
   f - Fireball                       Conjuration/Fire             5


   Skills:
 + Level 1.8 Fighting
 - Level 1.6 Dodging
 - Level 1.6 Stealth
 - Level 3.0 Spellcasting
 - Level 0.8 Conjurations
 + Level 3.7 Fire Magic


You had 5 spell levels left.
You knew the following spells:

 Your Spells              Type           Power        Failure   Level  Hunger
a - Flame Tongue          Conj/Fire      #....        8%          1    N/A
b - Conjure Flame         Conj/Fire      #.......     22%         3    N/A

Dungeon Overview and Level Annotations

Branches:
Dungeon (3/15)

Altars:

Annotations:
D:2 exclusion: downstairs


Innate Abilities, Weirdness & Mutations

You do not eat or drink.
Your flesh is vulnerable to fire.
You are immune to poison.
Your flesh is cold resistant. (rC+)
You are immune to negative energy. (rN+++)
You are immune to unholy pain and torment.
You can survive without breathing.


Message History

You can't go down here!
You see here a poisoned needle.
There is an escape hatch in the floor here.
The ogre hits you with a giant club!!
Ouch! That really hurt!
There is an open door here.
There is an escape hatch in the ceiling here.
A goblin comes into view.
The goblin shouts!
The goblin wields a hunting sling.
The goblin shoots a stone.
The stone hits you but does no damage.
You see here a stone.
The goblin shoots a stone.
The stone hits you.
* * * LOW HITPOINT WARNING * * *
You see here a stone.
The goblin shoots a stone.
The stone hits you.
* * * LOW HITPOINT WARNING * * *
You see here a stone.
The ogre hits you with a giant club!
You die...

#......#
###############......########
#...........g.'.......(......
#.#############.....(##......
#.# #########...... #.#
#.....##### #.# #.....#
##.#################.....#
#..........g.@O((.<'.....#
#..%..###.##########.....#
#.....###.# #.....#
#.....)...# #####.#
#......#### #.## #......#
#.!# ######.# ##.## #.# #..#
#'# ##.##


You could see an ogre and a goblin.

Vanquished Creatures
  Robin (D:3)
  2 adders
  2 dart slugs (D:2)
  A leopard gecko (D:1)
  An orc (D:3)
  A ball python (D:2)
  5 giant cockroaches
  15 goblins
  8 hobgoblins
  7 kobolds
  A quokka (D:2)
  8 bats
  A frilled lizard (D:1)
  4 rats
57 creatures vanquished.

Notes
Turn   | Place    | Note
-------+----------+-------------------------------------------
     0 | D:1      | grindst0ne the Mummy Fire Elementalist began the quest for the Orb.
     0 | D:1      | Reached XP level 1. HP: 13/13 MP: 4/4
   232 | D:1      | Reached XP level 2. HP: 9/19 MP: 3/6
  1386 | D:2      | Reached XP level 3. HP: 20/24 MP: 3/7
  1769 | D:2      | Learned a level 3 spell: Conjure Flame
  2268 | D:3      | Noticed an ogre
  2494 | D:3      | Reached skill level 1 in Fighting
  2494 | D:3      | Reached XP level 4. HP: 32/32 MP: 4/8
  2589 | D:3      | Noticed Robin
  2813 | D:3      | Killed Robin
  2974 | D:3      | Slain by an ogre

Skill      XL: |  1  2  3 |
---------------+----------+-----
Spellcasting   | 3 |  3.0
Fire Magic     | 3 |  3.7
Fighting       | 1 |  1.8
Dodging        | |  1.6
Stealth        | |  1.6
Conjurations   | |  0.8

Action                   |  1- 3 |  4- 6 || total
-------------------------+-------+-------++-------
Melee: Dagger            |    67 |    13 ||    80
       Unarmed           |     7 |       ||     7
 Cast: Flame Tongue      |    66 |    23 ||    89
       Conjure Flame     |     1 |     4 ||     5
  Use: Scroll            |     3 |     1 ||     4
Armor: Robe              |    54 |     4 ||    58
Dodge: Dodged            |   120 |    10 ||   130
